Cogmind - Beta 16 @@@ ROGUE MODE // 2025.11.01 @ 13:39:54 Player: f3-rnm Result: Destroyed by G-73 Enforcer with Phase Gun Performance ------------- Evolutions (8) 4000 Regions Visited (28) 5600 Robots Destroyed (337) 1685 Value Destroyed (19758) 19758 Prototype IDs (20) 400 Alien Tech Used (0) 0 Bonus (11589) 11589 TOTAL SCORE: 43032 Bonus ------- High Alert Combat Kills 3633 Follower Combat Kills 756 Entered Garrisons 2200 Used RIF Installer 5000 Cogmind --------- Core Integrity 0/1450 Matter 96/300 Energy 99/100 System Corruption 3% Temperature Cool (0) Movement Core (50) Location -2/Garrison Parts ------- > --- POWER (3) -------- (None) > --- PROPULSION (6) --- (None) > --- UTILITY (10) ----- Improved Weapon Shielding > --- WEAPON (4) ------- (None) > --- INVENTORY (5) ---- Advanced Heat Sink Improved Energy Well (400) Improved Matter Compressor (0) Advanced Point Defense System Peak State ------------ > --- POWER ------------ Quantum Reactor Light Quantum Reactor > --- PROPULSION ------- Armored Heavy Treads Biometal Heavy Treads > --- UTILITY ---------- Improved Heat Sink Improved Heat Sink Advanced Cooling System Huge Storage Unit Advanced Force Field Relay Coupler [NC] Relay Coupler [Grunt] Relay Coupler [Sentry] Relay Coupler [Hunter] > --- WEAPON ----------- Heavy Gatling Laser Quantum Rifle Enhanced Quantum Rifle Gamma Bomb Array > --- INVENTORY -------- Quantum Reactor Quantum Reactor Armored Huge Wheel Armored Huge Wheel Improved Energy Well Improved Matter Compressor Improved Weapon Cycler Relay Coupler [Grunt] Relay Coupler [Sentry] Relay Coupler [Hunter] Relay Coupler [Proto] Relay Coupler [Proto] Relay Coupler [Proto] Relay Coupler [Proto] High-powered Tractor Beam High-powered Shock Rifle Enhanced Quantum Rifle Compact HERF Cannon Enhanced Nova Cannon Enhanced Nova Cannon Scatter Rocket Array Hellfire Missile Launcher Improved Remote Datajack [Rating: 134] Favorites ----------- Power Heavy Ion Engine Engine Heavy Ion Engine Power Core Light Nuclear Core Reactor Light Quantum Reactor Propulsion Light Treads Treads Light Treads Leg Carbon-fiber Leg Wheel Wheel Hover Unit Improved Linear Gravjet Flight Unit Impulse Thruster Array Utility Huge Storage Unit Device Improved Heat Sink Storage Huge Storage Unit Processor Transport Network Coupler Hackware Relay Coupler [Sentry] Protection Improved Medium Armor Plating Weapon Flak Gun Energy Gun Heavy Particle Gun Energy Cannon Heavy Plasma Cannon Ballistic Gun Flak Gun Ballistic Cannon Heavy Gauss Cannon Launcher Hellfire Missile Launcher Special Weapon Remote Datajack Impact Weapon Heavy Flail Slashing Weapon Great Axe Build | -11 -10 -9 -9 -9 -8 -8 -8 -8 -7 -7 -7 -7 -6 -6 -6 -6 -5 -5 -5 -5 -4 -4 -3 -3 -3 -3 -2 -2 ------- Run | Yrd Mat Mat Sto Gar Mat Gar Mat Gar Fac Was Fac Gar Fac Was Fac Gar Fac Gar Fac Gar Fac Gar Res Gar Res Gar Res Gar Slots Evolved 16 | . . 2 . . 2 . . . 2 . . . 2 . . . 2 . . . 2 . 2 . . . 2 . Power 2 | . . . . . . . . . . . . . . . . . 1 . . . . . 1 . . . . . Propulsion 4 | . . . . . . . . . . . . . . . . . . . . . 2 . . . . . 2 . Utility 8 | . . . . . 2 . . . 2 . . . 2 . . . 1 . . . . . 1 . . . . . Weapon 2 | . . 2 . . . . . . . . . . . . . . . . . . . . . . . . . . Parts Attached 262 | 6 4 . 9 7 15 17 5 12 8 3 3 13 19 1 . 14 13 29 9 12 3 20 2 16 9 6 7 . Power 35 | 1 . . 1 . 1 1 . 2 1 1 1 1 2 . . 2 2 6 2 4 . 2 . 2 1 . 2 . Engine 16 | 1 . . 1 . 1 1 . 1 1 . 1 . 2 . . . 1 2 2 . . . . . 1 . 1 . Core 10 | . . . . . . . . 1 . 1 . 1 . . . 2 1 2 . 1 . . . 1 . . . . Reactor 9 | . . . . . . . . . . . . . . . . . . 2 . 3 . 2 . 1 . . 1 . Propulsion 47 | 2 . . 2 2 3 5 . 3 . . . 2 . . . 3 5 3 4 1 1 3 . 3 3 2 . . Treads 21 | 2 . . . 2 2 3 . 2 . . . 1 . . . . . 3 . . 1 2 . 3 . . . . Leg 7 | . . . . . . . . . . . . . . . . 3 3 . 1 . . . . . . . . . Wheel 14 | . . . 2 . 1 2 . 1 . . . 1 . . . . 2 . 3 1 . 1 . . . . . . Hover 3 | . . . . . . . . . . . . . . . . . . . . . . . . . 1 2 . . Flight 2 | . . . . . . . . . . . . . . . . . . . . . . . . . 2 . . . Utility 85 | 1 2 . 1 1 5 4 4 2 4 1 . 8 8 . . 2 3 9 1 3 . 8 1 5 4 4 4 . Device 39 | . . . 1 1 4 4 . 1 1 . . 4 3 . . 1 2 6 . 3 . 4 . 1 2 1 . . Storage 8 | 1 2 . . . . . . . . . . . 2 . . . . . . . . . 1 2 . . . . Processor 2 | . . . . . . . . 1 . . . . . . . . . . . . . . . . . . 1 . Hackware 28 | . . . . . . . 4 . 2 1 . 4 2 . . 1 . 3 . . . 4 . 2 1 3 1 . Protection 8 | . . . . . 1 . . . 1 . . . 1 . . . 1 . 1 . . . . . 1 . 2 . Artifact . | . . . . . . . . . . . . . . . . . . . . . . . . . . . . . Weapon 95 | 2 2 . 5 4 6 7 1 5 3 1 2 2 9 1 . 7 3 11 2 4 2 7 1 6 1 . 1 . Energy Gun 37 | 1 . . 2 2 5 3 . . 2 . . . 1 . . 3 2 2 1 2 1 4 1 5 . . . . Energy Cannon 12 | . . . . . . . . 2 . 1 . . 1 . . 1 . 3 . 1 . 2 . . . . 1 . Ballistic Gun 22 | 1 . . 1 1 1 2 1 2 1 . 2 2 5 1 . 2 . . . . . . . . . . . . Ballistic Cannon 11 | . 2 . 1 1 . . . . . . . . 1 . . . 1 4 1 . . . . . . . . . Launcher 5 | . . . 1 . . . . . . . . . 1 . . 1 . . . . 1 1 . . . . . . Special Weapon 6 | . . . . . . 1 . 1 . . . . . . . . . 2 . 1 . . . 1 . . . . Impact Weapon 1 | . . . . . . 1 . . . . . . . . . . . . . . . . . . . . . . Slashing Weapon 1 | . . . . . . . . . . . . . . . . . . . . . . . . . 1 . . . Piercing Weapon . | . . . . . . . . . . . . . . . . . . . . . . . . . . . . . Special Melee Weapon . | . . . . . . . . . . . . . . . . . . . . . . . . . . . . . Unidentified Prototypes 18 | . . . 5 . 1 . . . 1 2 1 . 7 . . . . . 1 . . . . . . . . . Corrupted Parts 8 | . . . . . . . . . . . . . . . . . . . . . . 2 . 4 1 . 1 . System Corruption 37 | . . . . . . . . . . . . . . . . . . . . . . 8 . 21 5 . 3 . Parts Lost 127 | . . . 4 2 6 8 1 2 1 . 1 1 10 . . 11 11 10 4 6 1 11 . 21 2 8 6 . Power 18 | . . . . . 1 1 1 . . . 1 . 2 . . 2 1 . 2 . . 1 . 4 1 . 1 . Propulsion 32 | . . . 2 1 2 2 . 2 . . . . 1 . . 2 4 2 1 1 . 2 . 5 1 2 2 . Utility 32 | . . . . . 1 3 . . . . . 1 3 . . . 2 3 . 4 1 3 . 5 . 4 2 . Weapon 45 | . . . 2 1 2 2 . . 1 . . . 4 . . 7 4 5 1 1 . 5 . 7 . 2 1 . Highest Loss Streak 16 | . . . 3 1 2 4 1 1 1 . 1 1 5 . . 4 5 5 3 3 1 3 . 16 2 8 6 . To Critical Strikes 1 | . . . . . . . . . . . . . 1 . . . . . . . . . . . . . . . Average Backups 20 | 1 9 12 16 21 24 22 24 23 22 23 22 22 23 25 25 23 23 24 23 23 22 14 8 12 3 4 4 4 Power 1 | . 1 1 2 3 3 1 1 . 1 2 1 1 1 2 2 1 . 1 2 1 3 1 . . . . . . Propulsion 2 | . 2 3 2 3 5 4 3 1 2 2 2 1 . . . 1 3 2 1 1 1 1 . 1 . 1 . . Utility 10 | . 1 1 2 5 6 10 12 13 12 12 11 11 11 12 12 12 14 14 15 14 11 8 5 7 3 3 4 4 Weapon 5 | . 5 7 8 8 7 6 7 6 5 6 7 7 8 11 11 6 3 4 3 4 6 3 2 2 . . . . Tool/Special . | . . . . . . . . . . . . . . . . . . . . . . . . . . . . . Unused Backups 58 | . 2 . . . 3 4 2 6 2 . . 5 4 . . 1 . 8 . 1 . 14 . 3 1 1 . 1 Power 5 | . . . . . . 1 . . 1 . . . 1 . . . . 1 . . . 1 . . . . . . Propulsion 12 | . . . . . . . 2 2 . . . 1 . . . . . 2 . 1 . 1 . 1 1 1 . . Utility 31 | . . . . . . 2 . 4 1 . . 4 . . . 1 . 4 . . . 12 . 2 . . . 1 Weapon 9 | . 2 . . . 3 1 . . . . . . 3 . . . . . . . . . . . . . . . Tool/Special 1 | . . . . . . . . . . . . . . . . . . 1 . . . . . . . . . . Average Slot Usage (%) 91 | . 95 77 87 99 99 99 100 96 91 91 91 89 87 92 93 95 86 93 95 93 89 83 84 80 53 62 43 4 Engine 4 | . 14 11 11 11 9 8 9 6 7 . 1 4 4 5 6 1 1 1 2 1 . . . . . . 1 . Core 2 | . . . . . . . . 2 . 6 5 2 1 . . 4 5 5 4 4 . . . 1 . . . . Reactor 1 | . . . . . . . . . . . . . . . . . . 2 1 4 10 9 9 7 . . . . Treads 5 | . 28 22 15 9 9 7 9 11 . . . . 3 6 6 2 . 3 1 4 5 3 4 4 . . . . Wheel 4 | . . . 5 11 8 10 9 3 7 7 7 6 2 . . . 2 4 7 1 5 4 4 3 . . . . Device 14 | . . . 2 11 23 26 14 17 15 15 15 12 9 6 6 10 11 16 18 17 21 13 14 13 4 6 3 . Storage 8 | . 23 22 12 11 9 9 9 9 7 7 7 7 8 20 20 15 11 8 5 5 5 2 3 5 . . . . Hackware 16 | . . . . . . . 12 9 15 19 23 24 26 26 26 26 20 20 23 23 21 26 28 24 32 31 23 . Protection 1 | . . . . . 3 . . . 6 2 . . 2 . . . 2 2 2 4 . . . . . 3 4 4 Energy Gun 10 | . 3 . 3 28 23 25 14 5 5 7 2 4 4 4 . 8 10 6 2 6 17 10 9 11 . . . . Energy Cannon 3 | . . . . . . . . 6 7 7 7 6 3 6 6 2 5 9 1 . 2 5 4 3 . . 2 . Ballistic Gun 8 | . 3 . 9 11 12 10 12 23 14 7 12 11 14 8 13 12 3 . . . . . . . . . . . Ballistic Cannon 3 | . 21 22 25 3 . . . . . . . . 1 . . . . 3 17 13 . . . . . . . . Special Weapon 1 | . . . . . . . 9 . 2 6 7 3 . 6 6 . . . . 1 . . . . 3 3 . . Peak Build Rating 134 | 6 11 11 22 25 37 43 43 45 55 58 55 62 93 88 87 87 76 108 108 113 131 134 121 134 102 100 77 5 Average Rating 64 | 4 9 11 17 23 29 37 40 41 53 55 54 53 71 87 87 73 69 87 87 99 130 107 117 110 80 87 60 5 On Entrance 58 | . 6 11 11 16 23 36 43 37 43 50 55 51 62 93 87 87 72 70 108 79 113 125 115 121 32 93 58 5 Avg Prop Armor Cover (%) 9 | . . . 7 9 8 9 9 9 . . . . . . . . . . 6 . 12 11 11 8 6 11 10 . Naked Turns . | . . . . . . . . . . . . . . . . . . . . . . . . . . . . . Heaviest Build 164 | 11 101 101 112 103 104 109 104 113 122 119 112 108 130 121 121 124 129 154 154 164 164 163 103 103 21 18 23 2 Greatest Support 135 | 40 40 40 40 20 40 40 16 50 28 28 28 60 60 60 60 60 30 75 75 75 28 135 28 133 26 20 18 3 Greatest Overweight (x) 25 | . 2 2 10 10 10 6 6 6 4 4 3 3 4 2 2 7 8 6 15 6 5 25 3 3 . . 3 . Average Overweight (x) 3 | . . 2 3 9 9 5 6 2 3 3 3 2 2 2 2 2 4 3 7 2 5 2 2 1 . . . . Largest Inventory Capacity 25 | 8 25 25 25 25 25 25 25 25 25 25 25 25 25 25 25 25 25 25 25 25 25 25 15 15 5 5 5 5 Average Capacity 22 | 7 19 25 25 25 25 25 25 25 25 25 25 25 25 25 25 25 25 25 25 25 25 16 13 14 5 5 5 5 Most Carried 25 | 4 12 12 19 24 25 25 25 25 25 25 25 25 25 25 25 25 25 25 25 25 25 25 12 15 5 5 5 4 Average Carried 21 | 1 9 12 16 21 24 22 24 24 24 24 24 24 24 25 25 22 23 24 24 23 24 15 8 12 4 4 4 4 Final Capacity 25 | 8 25 25 25 25 25 25 25 25 25 25 25 25 25 25 25 25 25 25 25 25 25 5 15 5 5 5 5 5 Final Carried 25 | 4 12 12 19 23 25 25 23 25 25 25 24 25 25 25 25 24 25 25 25 25 25 5 12 5 5 4 4 4 Class Distribution -------------------- 33% | Botlord-Tank 17% | Bothacker-Gunner 11% | Botlord-Gunner 8% | Scavenger-Tank 7% | Scavenger-Gunner 7% | Gunner 5% | Mutant 4% | Bothacker-Tank Dominant Class ---------------- Mutant | -10/Materials Mutant | -9/Materials Gunner | -9/Storage Gunner | -9/Garrison Scavenger-Gunner | -8/Materials Scavenger-Gunner | -8/Garrison Bothacker-Gunner | -8/Materials Bothacker-Gunner | -8/Garrison Bothacker-Tank | -7/Factory Bothacker-Gunner | -7/Waste Bothacker-Gunner | -7/Factory Bothacker-Gunner | -7/Garrison Botlord-Tank | -6/Factory Botlord-Tank | -6/Waste Botlord-Tank | -6/Factory Botlord-Gunner | -6/Garrison Botlord-Gunner | -5/Factory Botlord-Tank | -5/Garrison Botlord-Tank | -5/Factory Botlord-Tank | -5/Garrison Botlord-Tank | -4/Factory Botlord-Tank | -4/Garrison Scavenger-Tank | -3/Research Scavenger-Tank | -3/Garrison Botlord-Mutant | -3/Research Botlord-Mutant | -3/Garrison Mutant | -2/Research Mutant | -2/Garrison Resources | -11 -10 -9 -9 -9 -8 -8 -8 -8 -7 -7 -7 -7 -6 -6 -6 -6 -5 -5 -5 -5 -4 -4 -3 -3 -3 -3 -2 -2 ----------- Run | Yrd Mat Mat Sto Gar Mat Gar Mat Gar Fac Was Fac Gar Fac Was Fac Gar Fac Gar Fac Gar Fac Gar Res Gar Res Gar Res Gar Matter Collected 11179 | 237 258 . 317 373 307 582 133 799 171 . . 686 1085 . . 1112 268 1075 529 729 28 1420 . 755 96 132 87 . Remotely 1132 | . . . . . . . . . . . . . 255 . . 462 63 . . 352 . . . . . . . . Salvage Created 13336 | . 291 . 404 639 930 1318 78 1215 478 . . 754 1645 . . 783 406 1336 300 684 113 1138 . 602 86 49 87 . Parts 670 | . 22 . 19 41 37 64 5 57 18 . . 38 87 . . 30 28 65 19 31 10 49 . 36 8 1 5 . Haulers Intercepted 5 | . . . 1 . 1 . . . . . . . 1 . . . . . 1 . . . . . . . 1 . Recyclers Shooed 3 | . . . 2 . . . . . . . . . . . . . . . 1 . . . . . . . . . Parts Field Recycled . | . . . . . . . . . . . . . . . . . . . . . . . . . . . . . Retrieved Matter . | . . . . . . . . . . . . . . . . . . . . . . . . . . . . . Parts Self-Destructed . | . . . . . . . . . . . . . . . . . . . . . . . . . . . . . Prevented . | . . . . . . . . . . . . . . . . . . . . . . . . . . . . . Parts Restored . | . . . . . . . . . . . . . . . . . . . . . . . . . . . . . Kills | -11 -10 -9 -9 -9 -8 -8 -8 -8 -7 -7 -7 -7 -6 -6 -6 -6 -5 -5 -5 -5 -4 -4 -3 -3 -3 -3 -2 -2 ------- Run | Yrd Mat Mat Sto Gar Mat Gar Mat Gar Fac Was Fac Gar Fac Was Fac Gar Fac Gar Fac Gar Fac Gar Res Gar Res Gar Res Gar Combat Hostiles Destroyed 282 | . 9 . 12 14 17 30 1 24 6 . . 19 23 . . 21 6 24 5 17 4 35 . 14 . 1 . . Melee 3 | . . . . . . . . . . . . 1 . . . . . 1 . . . . . . . 1 . . Guns 144 | . . . 6 14 16 26 1 19 2 . . 8 13 . . 12 3 6 . 2 1 12 . 3 . . . . Cannons 75 | . 9 . 6 . . . . 5 3 . . 10 1 . . . 2 15 5 13 . 4 . 2 . . . . AOE 50 | . . . . . . 3 . . . . . . 9 . . 9 . . . 2 3 16 . 8 . . . . Classes Destroyed 20 | . 6 . 2 1 2 3 . . . . . 1 2 . . 1 . 1 . . . 1 . . . . . . Worker 14 | . 1 . . . 1 . 1 . . . . . 4 . . . . . 4 . . . . . 3 . . . Builder 14 | . . . . . . . . . . . . . 5 . . . 4 . 3 . 1 . . . 1 . . . Tunneler 3 | . . . . . 1 . . . . . . . 2 . . . . . . . . . . . . . . . Hauler 6 | . . . 1 . 1 . . . . . . . 2 . . . . . 1 . . . . . . . 1 . Recycler 8 | . 1 . 1 . 1 . . . 2 . . . 3 . . . . . . . . . . . . . . . Operator 4 | . 1 . 1 . . . 1 . . . . . . . . . . . 1 . . . . . . . . . Watcher 4 | . 1 . . . . . . 1 1 . . . 1 . . . . . . . . . . . . . . . Swarmer 67 | . 2 . 4 4 3 8 . 4 . . . 4 2 . . 9 . 4 . . 4 15 . 4 . . . . Cutter 3 | . . . . . . . . . . . . . . . . 1 . 2 . . . . . . . . . . Saboteur 4 | . . . . . . . . . . . . 1 . . . . . 3 . . . . . . . . . . Grunt 101 | . 7 . 7 5 12 9 . 12 4 . . 9 5 . . 6 2 3 2 4 . 7 . 6 . 1 . . Brawler 6 | . . . . . 1 1 . 1 . . . . . . . . 1 . . 1 . . . 1 . . . . Duelist 7 | . . . . . . 3 . . . . . 1 . . . . . . 1 1 . 1 . . . . . . Protector 3 | . . . . . . . . . . . . . 2 . . . . . . . . 1 . . . . . . Sentry 19 | . . . 1 4 1 2 1 2 2 . . 1 . . . 1 1 . . 3 . . . . . . . . Demolisher 1 | . . . . . . . . . . . . . . . . . . . . . . 1 . . . . . . Specialist 14 | . . . . . . 1 . 1 . . . . 2 . . . . 4 . 4 . 2 . . . . . . Hunter 20 | . . . . 3 . 2 . 1 . . . . 8 . . 3 . 2 . . . . . 1 . . . . Programmer 37 | . . . . . . 4 . 3 . . . 3 4 . . 1 2 5 2 4 . 7 . 2 . . . . Behemoth 2 | . . . . . . . . . . . . . . . . . . 1 . . . 1 . . . . . . Best Kill Streak 15 | . 5 . 6 4 5 8 2 7 3 . . 4 15 . . 11 4 5 3 4 5 7 . 7 4 1 1 . Combat Bots Only 11 | . 3 . 6 4 4 8 1 7 3 . . 4 10 . . 11 3 5 3 4 4 7 . 7 . 1 . . Max Kills in Single Turn 14 | . 1 . 2 2 2 3 1 2 1 . . 2 14 . . 2 2 2 1 2 2 2 . 2 1 1 1 . Gunslinging 1 | . . . . . . 1 . 1 . . . . . . . 1 . . . . . 1 . . . . . . Exploded 9 | . . . . . . 3 . . . . . . 9 . . 2 . . . 2 2 2 . 2 . . . . Melee 1 | . . . . . . . . . . . . 1 . . . . . 1 . . . . . . . 1 . . Uniques/NPCs Destroyed . | . . . . . . . . . . . . . . . . . . . . . . . . . . . . . Combat | -11 -10 -9 -9 -9 -8 -8 -8 -8 -7 -7 -7 -7 -6 -6 -6 -6 -5 -5 -5 -5 -4 -4 -3 -3 -3 -3 -2 -2 -------- Run | Yrd Mat Mat Sto Gar Mat Gar Mat Gar Fac Was Fac Gar Fac Was Fac Gar Fac Gar Fac Gar Fac Gar Res Gar Res Gar Res Gar Hostile Shots Fired 1922 | . 54 6 33 57 99 128 3 78 50 . . 75 162 . . 217 63 165 28 159 22 130 . 180 20 100 50 43 Missed 590 | . 11 1 13 12 30 43 . 19 22 . . 22 38 . . 58 22 44 6 58 5 36 . 58 7 49 14 22 Hits 1332 | . 43 5 20 45 69 85 3 59 28 . . 53 124 . . 159 41 121 22 101 17 94 . 122 13 51 36 21 Melee 69 | . . . . . . . . 1 . . . 8 . . . . 2 11 8 1 . 3 . 2 . . 33 . Projectile 1263 | . 43 5 20 45 69 85 3 58 28 . . 45 124 . . 159 39 110 14 100 17 91 . 120 13 51 3 21 AOE 8 | . . . . . . . 1 . . . . . . . . 3 . . . . . 3 . . . . . 1 Critical Strikes 68 | . 2 1 . . 4 6 1 4 . . . 2 3 . . 1 . 5 5 4 2 3 . 8 . 3 14 . Actively Blocked 1 | . . . . . . . . . . . . . . . . . . . . . . . . . . . 1 . Damage Taken 22686 | . 475 68 268 546 1035 1186 126 937 320 . 55 644 1946 . . 2028 798 1875 629 1473 163 2281 . 2742 276 941 1212 662 Core 4541 | . 105 29 . 86 152 190 15 73 31 . . 152 163 . . 214 104 258 25 179 31 222 . 748 39 257 807 661 Absorbed by Shields 1747 | . . . . . . 52 . 4 . . . . . . . 225 . . . 392 175 362 . 424 . 113 . . Reduced by Siege Mode 233 | . . . . . . . . . . . . . 36 . . 51 . . . 5 . 84 . 57 . . . . Redirected to Shielding 124 | . . . . . . . . . . . . . . . . . . . . . . . . . . . 124 . Ignored by Resistances 444 | . . . . . . . . . . . . . 444 . . . . . . . . . . . . . . . Core Remaining (%) 57 | 100 58 . . 71 . . . 21 . . . 73 . . . 55 . . . 43 . 78 . . . 19 . . Volleys Fired 867 | 2 35 . 26 32 38 81 13 83 22 6 1 64 70 7 1 64 25 79 26 44 2 81 . 46 7 6 6 . Largest 4 | 2 2 . 4 4 4 4 3 4 4 1 1 4 4 1 1 4 4 4 4 4 4 4 . 4 1 1 1 . Hottest 391 | 60 66 . 157 180 240 204 138 201 198 90 90 215 250 5 113 166 309 391 269 296 379 324 . 332 10 10 88 . Shots Fired 2292 | 4 70 . 90 108 147 291 21 224 50 6 1 166 233 7 1 132 69 219 69 109 5 151 . 100 7 6 6 . Gun 1558 | 4 6 . 28 94 147 284 12 154 28 . . 109 217 . . 116 41 102 12 37 3 94 . 70 . . . . Cannon 622 | . 64 . 62 14 . . . 70 20 1 1 55 13 . 1 . 26 116 57 70 1 28 . 17 . . 6 . Launcher 51 | . . . . . . 1 . . . . . . 1 . . 12 . . . 1 1 23 . 12 . . . . Special 61 | . . . . . . 6 9 . 2 5 . 2 2 7 . 4 2 1 . 1 . 6 . 1 7 6 . . Kinetic 973 | 2 67 . 86 40 47 77 6 118 15 . . 85 191 . . 82 11 25 51 70 . . . . . . . . Thermal 983 | 2 3 . 2 50 100 207 6 106 33 1 1 79 29 . 1 4 44 173 18 37 4 72 . 11 . . . . Explosive 42 | . . . . . . 1 . . . . . . 1 . . 12 . . . 1 . 15 . 12 . . . . Electromagnetic 233 | . . . 2 18 . . . . . . . . 10 . . 30 12 20 . . 1 58 . 76 . . 6 . Robot Hit Streak 21 | 2 12 . 12 8 11 21 20 19 7 4 . 12 13 15 . 19 7 19 6 19 3 18 . 9 2 5 2 . Robot Miss Streak 9 | 1 3 . 8 2 5 8 4 9 4 . . 7 6 2 . 3 3 5 8 5 5 5 . 5 3 1 3 . Penetration Max 1 | . . . . . . . . . . . . . 1 . . . . . . 1 . . . . . . . . Secondary Targets 36 | . . . . 6 5 8 . 4 . . . . 5 . . 5 . . . . . 3 . . . . . . Max Gunslinging Chain 2 | . . . . 1 1 1 . 1 . . . . 1 . . 1 . . . . . 2 . . . . . . Shots Hit Robots 1305 | 2 46 . 41 55 87 154 16 137 33 3 . 72 152 5 . 73 40 124 34 69 2 84 . 60 8 6 2 . Core Hits 754 | 1 14 . 18 25 37 81 6 98 25 . . 40 113 . . 45 19 42 18 41 6 60 . 56 5 1 2 1 Critical Kills 10 | . 1 . 1 . 1 . . 1 1 . . 1 1 . . . 1 1 . . . . . 1 . . . . Critical Parts Destroyed 3 | . . . . . . 1 . . . . . . . . . 1 . . . . . . . 1 . . . . Critical Strikes 47 | . 5 . 3 1 9 5 1 3 1 . . 1 1 . . 1 2 3 4 5 . . . 2 . . . . Burn 19 | . . . 1 1 8 4 1 2 . . . . . . . . 1 1 . . . . . . . . . . Meltdown 4 | . . . . . . . . 1 1 . . . . . . . 1 1 . . . . . . . . . . Destroy 9 | . 1 . 1 . 1 1 . . . . . 1 1 . . 1 . . . . . . . 2 . . . . Blast 15 | . 4 . 1 . . . . . . . . . . . . . . 1 4 5 . . . . . . . . Melee Attacks 11 | . . . . . . 1 . . . . . . . . . . . . . . . . . . 8 2 . . Impact 1 | . . . . . . 1 . . . . . . . . . . . . . . . . . . . . . . Slashing 10 | . . . . . . . . . . . . . . . . . . . . . . . . . 8 2 . . Piercing . | . . . . . . . . . . . . . . . . . . . . . . . . . . . . . Sneak Attacks 4 | . . . . . . . . . . . . . . . . . . . . . . . . . 4 . . . Combat Hostiles . | . . . . . . . . . . . . . . . . . . . . . . . . . . . . . Follow-up Attacks . | . . . . . . . . . . . . . . . . . . . . . . . . . . . . . Damage Inflicted 38662 | 21 966 . 840 936 1526 3219 138 2945 794 . . 1650 4336 . . 2532 1125 3652 1379 2933 321 5178 . 3589 411 54 112 5 Guns 17537 | 21 38 . 276 837 1525 2889 138 1573 410 . . 951 2383 . . 1254 516 1409 295 1052 61 1158 . 751 . . . . Cannons 10718 | . 928 . 564 99 . . . 1372 384 . . 699 219 . . . 609 2243 988 1493 43 745 . 226 . . 106 . Explosions 9930 | . . . . . . 330 . . . . . . 1734 . . 1278 . . 96 388 217 3275 . 2612 . . . . Melee 452 | . . . . . . . . . . . . . . . . . . . . . . . . . 398 54 . . Ramming 25 | . . . . . 1 . . . . . . . . . . . . . . . . . . . 13 . 6 5 Kinetic 10724 | 10 955 . 787 282 351 673 66 1097 154 . . 682 1973 . . 957 143 272 829 1493 . . . . . . . . Thermal 15299 | 11 11 . 18 525 1174 2216 72 1848 640 . . 968 435 . . 65 863 2958 550 1052 222 1357 . 314 . . . . Explosive 9270 | . . . . . . 330 . . . . . . 1734 . . 1278 . . . 388 . 3017 . 2523 . . . . Electromagnetic 2892 | . . . 35 129 . . . . . . . . 194 . . 232 119 422 . . 99 804 . 752 . . 106 . Impact . | . . . . . . . . . . . . . . . . . . . . . . . . . . . . . Slashing 452 | . . . . . . . . . . . . . . . . . . . . . . . . . 398 54 . . Piercing . | . . . . . . . . . . . . . . . . . . . . . . . . . . . . . Highest Corruption 36 | . . . . . . 2 2 2 1 1 1 5 . 17 17 18 8 13 14 15 1 15 . 26 31 36 3 3 Average Corruption 9 | . . . . . . 1 2 2 1 1 1 3 . 10 17 17 7 12 13 14 1 7 . 13 26 32 3 3 Corruption Purged . | . . . . . . . . . . . . . . . . . . . . . . . . . . . . . Corruption Blocked . | . . . . . . . . . . . . . . . . . . . . . . . . . . . . . Effects 429 | . . . . . . 14 4 27 . 2 . 19 . 12 3 74 15 64 34 55 1 51 . 24 15 11 3 1 Message Errors 94 | . . . . . . 1 2 9 . 1 . 4 . 1 1 20 5 8 8 11 1 12 . 4 2 2 2 . Matter Fused 92 | . . . . . . 3 . 4 . 1 . 4 . 3 . 17 2 17 11 14 . 10 . 4 . 1 1 . Heat Flow Errors 44 | . . . . . . 1 . 3 . . . 3 . 2 1 3 1 11 . 7 . 9 . 1 2 . . . Energy Discharges 67 | . . . . . . 5 1 4 . . . 3 . 1 . 5 4 11 5 8 . 9 . 6 4 . . 1 Parts Rejected 8 | . . . . . . . . . . . . 2 . 3 . . 1 . 1 . . . . 1 . . . . Parts Fused 3 | . . . . . . . . . . . . . . . . . . 1 . . . 1 . 1 . . . . Data Loss (minor) 56 | . . . . . . 2 1 3 . . . 3 . 1 . 15 . 5 4 9 . 5 . 3 4 1 . . Data Loss (major) 14 | . . . . . . . . . . . . . . 1 1 6 1 . 1 1 . 2 . . 1 . . . Misfires 14 | . . . . . . 1 . 2 . . . . . . . 2 . 1 2 3 . 1 . 2 . . . . Alerts 13 | . . . . . . . . 1 . . . . . . . 5 1 3 . 1 . 1 . . . 1 . . Misdirections 11 | . . . . . . . . . . . . . . . . 1 . 1 1 . . . . . 2 6 . . Weapon Failures 13 | . . . . . . 1 . 1 . . . . . . . . . 6 1 1 . 1 . 2 . . . . Overload Shots . | . . . . . . . . . . . . . . . . . . . . . . . . . . . . . Overflow Damage 750 | . 11 . 18 . . . . 41 . . . 31 66 . . 35 7 92 66 15 21 307 . 40 . . . . Projectiles 303 | . 11 . 18 . . . . 41 . . . 31 29 . . . 7 92 20 . . 54 . . . . . . Explosions 447 | . . . . . . . . . . . . . 37 . . 35 . . 46 15 21 253 . 40 . . . . Melee . | . . . . . . . . . . . . . . . . . . . . . . . . . . . . . Knockbacks 36 | . 10 . 3 1 . . . . . . . . . . . . . 3 11 7 . . . . 1 . . . Impact 1 | . . . . . . . . . . . . . . . . . . . . . . . . . 1 . . . Kinetic 35 | . 10 . 3 1 . . . . . . . . . . . . . 3 11 7 . . . . . . . . Secondary . | . . . . . . . . . . . . . . . . . . . . . . . . . . . . . Self-Inflicted Damage 1049 | . . . . . . 75 . . . . . . 217 . . 89 . . 70 109 40 136 . 304 6 . 2 1 Shots 41 | . . . . . . 4 . . . . . . 8 . . 1 . . 1 6 3 6 . 12 . . . . Rammed 11 | . . . . . 1 . . . . . . . . . . . . . . . . . . . 2 . 4 4 Targets Rammed 11 | . . . . . 1 . . . . . . . . . . . . . . . . . . . 2 . 4 4 Kicked . | . . . . . . . . . . . . . . . . . . . . . . . . . . . . . Crushed . | . . . . . . . . . . . . . . . . . . . . . . . . . . . . . Highest Temperature 397 | . 177 4 325 207 263 215 . 255 90 . . 397 196 156 100 178 352 377 12 229 240 303 . 314 194 229 14 . Average Temperature 76 | . 41 4 94 75 62 42 . 69 32 . . 91 48 74 35 52 112 114 5 50 112 111 . 50 102 118 7 . Received Heat Transfer 4848 | . 219 45 108 78 567 271 36 375 108 . . 168 261 . . 333 99 357 135 414 5 188 . 621 9 406 9 36 Effects 4 | . . . . . 1 . . . . . . 1 . . . . 1 1 . . . . . . . . . . Shutdowns 1 | . . . . . . . . . . . . . . . . . . 1 . . . . . . . . . . Energy Bleed 2 | . . . . . 1 . . . . . . 1 . . . . . . . . . . . . . . . . Matter Decay 1 | . . . . . . . . . . . . . . . . . 1 . . . . . . . . . . . Siege Activations 9 | . . . . . . . . . . . . . 1 . . 1 . . . 2 . 3 . 2 . . . . Total Turns 175 | . . . . . . . . . . . . . 30 . . 17 . . . 55 . 60 . 13 . . . . Longest Duration 38 | . . . . . . . . . . . . . 30 . . 17 . . . 38 . 31 . 10 . . . . Martial Activations . | . . . . . . . . . . . . . . . . . . . . . . . . . . . . . Shielding Activations . | . . . . . . . . . . . . . . . . . . . . . . . . . . . . . Robots Disrupted . | . . . . . . . . . . . . . . . . . . . . . . . . . . . . . Combat Hostiles . | . . . . . . . . . . . . . . . . . . . . . . . . . . . . . Robots Corrupted 5 | . . . . . . . . . . . . . . . . . . 1 . . . 3 . 1 . . . . Combat Hostiles 5 | . . . . . . . . . . . . . . . . . . 1 . . . 3 . 1 . . . . Parts Fried 20 | . . . . . . . . . . . . . . . . 5 . 1 . . . 10 . 3 . . 1 . Impact Corruptions . | . . . . . . . . . . . . . . . . . . . . . . . . . . . . . Robots Melted 9 | . . . . . 1 3 . 1 1 . . . . . . . 1 2 . . . . . . . . . . Combat Hostiles 5 | . . . . . 1 1 . . 1 . . . . . . . 1 1 . . . . . . . . . . Parts Melted 48 | . . . . 1 5 11 . 4 5 . . 4 1 . . . 2 7 . . 1 7 . . . . . . Heat Transferred 24510 | 25 25 . 111 1221 2997 4207 222 3186 1175 . . 1265 447 . . 150 1073 4181 673 1633 224 1386 . 309 . . . . Parts Sabotaged 15 | . . . . . . . . . . . . 7 . . . . . 8 . . . . . . . . . . Parts Stolen . | . . . . . . . . . . . . . . . . . . . . . . . . . . . . . Parts Stripped . | . . . . . . . . . . . . . . . . . . . . . . . . . . . . . Power Chain Reactions 3 | . . . . . . . . . . . . . . . . . . . . . . 2 . 1 . . . . Alert | -11 -10 -9 -9 -9 -8 -8 -8 -8 -7 -7 -7 -7 -6 -6 -6 -6 -5 -5 -5 -5 -4 -4 -3 -3 -3 -3 -2 -2 ------- Run | Yrd Mat Mat Sto Gar Mat Gar Mat Gar Fac Was Fac Gar Fac Was Fac Gar Fac Gar Fac Gar Fac Gar Res Gar Res Gar Res Gar Maximum Alert Level 5 | . . . 1 3 1 4 2 4 3 1 . 3 2 . . 3 2 3 2 3 3 5 4 4 3 2 1 . Low Security (%) 19 | 100 100 100 90 25 36 3 . . . 88 100 34 . 100 100 17 16 12 . . . . . . . . 81 100 Level 1 22 | . . . 9 3 63 16 . 6 . 11 . 28 68 . . 17 75 37 78 4 . . . . . 80 18 . Level 2 27 | . . . . 63 . 18 100 27 93 . . 23 31 . . 34 8 23 21 58 97 10 . . 44 20 . . Level 3 19 | . . . . 7 . 59 . 38 6 . . 13 . . . 29 . 25 . 36 2 15 . 68 55 . . . Level 4 8 | . . . . . . 2 . 27 . . . . . . . . . . . . . 42 100 31 . . . . Level 5 2 | . . . . . . . . . . . . . . . . . . . . . . 31 . . . . . . High Security . | . . . . . . . . . . . . . . . . . . . . . . . . . . . . . Max Security . | . . . . . . . . . . . . . . . . . . . . . . . . . . . . . Peak Influence 2262 | . 179 68 225 809 393 1120 619 1385 726 206 88 729 606 184 30 837 438 847 444 1007 702 2262 1272 1381 776 439 216 91 Initial 1272 | . . 68 24 141 393 182 546 351 726 206 88 . 382 184 30 7 438 107 444 270 528 449 1272 916 776 369 216 62 Average 568 | . 51 66 82 469 233 699 568 865 589 166 42 356 410 116 20 467 272 468 360 597 576 1363 1247 1100 687 392 162 70 Influence Increases 12391 | . 321 . 432 848 453 1018 255 1074 249 1 1 754 666 . 1 960 218 840 344 797 234 1963 . 755 26 115 37 29 Destroy 0b10 Robot/C 6040 | . 180 . 240 460 340 600 160 480 120 . . 380 440 . . 420 120 480 100 340 80 780 . 300 . 20 . . Destroy 0b10 Robot/NC 345 | . 20 . 20 . 20 10 15 20 15 . . . 100 . . 5 20 15 45 5 5 5 . . 20 . 5 . Destroy Leader 720 | . 42 . 64 20 62 30 42 40 32 . . 20 84 . . 40 30 50 12 40 10 50 . 50 . . 2 . Allied During Kill 296 | . . . 18 75 . . 37 4 . . . . . . . 10 . . . . . 118 . 34 . . . . Successful Hack 167 | . . . 11 28 . 14 . 30 14 . . 14 . . . 14 . . . 14 . 14 . . . . . 14 Disable Machine 315 | . . . 30 . . . . . . . . 60 . . . 30 15 . 75 . 75 30 . . . . . . Anti-Garrison Action 2650 | . . . . 250 . 300 . 400 . . . 200 . . . 300 . 200 . 200 . 700 . 50 . 50 . . Destroy Structure 1093 | . 4 . 4 15 1 64 1 55 8 1 1 35 27 . 1 141 18 50 112 93 64 191 . 201 6 . . . Partial Spotted 45 | . 15 . . . . . . . 15 . . . . . . . . . . . . . . . . 15 . . Lose Combat Pursuer 720 | . 60 . 45 . 30 . . 45 45 . . 45 15 . . . 15 45 . 105 . 75 . 120 . 30 30 15 Influence Decreases 12300 | . 158 105 273 256 982 178 834 230 1043 465 128 25 869 482 34 134 901 147 805 176 599 343 1040 596 915 223 338 21 Entered New Map 7123 | . . 95 34 76 416 98 574 190 659 385 39 . 347 342 14 4 399 47 403 116 479 193 990 306 605 123 168 21 Time Decay 3342 | . 158 10 199 . 506 . 190 . 374 80 79 . 422 140 20 . 392 . 362 . 110 . 50 . 140 . 110 . Lost Part 1270 | . . . 40 20 60 80 10 20 10 . 10 10 100 . . 110 110 100 40 60 10 110 . 210 20 80 60 . Lost Ally 415 | . . . . 160 . . 60 20 . . . 15 . . . 20 . . . . . 40 . 80 . 20 . . Purge Threat 150 | . . . . . . . . . . . . . . . . . . . . . . . . . 150 . . . Squads Dispatched 26 | . 2 . 5 . 2 . 2 . 5 . . . 3 . . . 1 . 1 . . . . . 4 . 1 . Investigation 4 | . 1 . 1 . . . . . . . . . . . . . . . . . . . . . 2 . . . Extermination 6 | . . . . . . . . . 2 . . . 1 . . . 1 . 1 . . . . . 1 . . . Reinforcement 9 | . 1 . 2 . . . . . 2 . . . 2 . . . . . . . . . . . 1 . 1 . Assault 1 | . . . . . . . . . 1 . . . . . . . . . . . . . . . . . . . Garrison 6 | . . . 2 . 2 . 2 . . . . . . . . . . . . . . . . . . . . . Intercept . | . . . . . . . . . . . . . . . . . . . . . . . . . . . . . Searches Triggered . | . . . . . . . . . . . . . . . . . . . . . . . . . . . . . Construction Impeded 1 | . . . . . . . . . . . . . 1 . . . . . . . . . . . . . . . Haulers Reinforced 1 | . . . . . . . . . . . . . 1 . . . . . . . . . . . . . . . Active Scanning Responses . | . . . . . . . . . . . . . . . . . . . . . . . . . . . . . Cargo Convoy Interrupts 1 | . . . . . . . . . . . . . 1 . . . . . . . . . . . . . . . Alert ID Control Effect 5 | . . . . . . . . . . . . 1 1 . . 3 . . . . . . . . . . . . Stealth | -11 -10 -9 -9 -9 -8 -8 -8 -8 -7 -7 -7 -7 -6 -6 -6 -6 -5 -5 -5 -5 -4 -4 -3 -3 -3 -3 -2 -2 --------- Run | Yrd Mat Mat Sto Gar Mat Gar Mat Gar Fac Was Fac Gar Fac Was Fac Gar Fac Gar Fac Gar Fac Gar Res Gar Res Gar Res Gar Distress Signals 14 | . 1 1 2 . 2 . 2 1 2 . . . . . . . 1 . . 1 . . . . . . 1 . Communications Jammed . | . . . . . . . . . . . . . . . . . . . . . . . . . . . . . Distress Signals . | . . . . . . . . . . . . . . . . . . . . . . . . . . . . . Times Spotted 498 | . 18 2 21 23 30 30 16 25 14 3 . 30 29 5 . 29 10 31 7 23 8 43 . 26 10 23 18 24 Peak Tracking Total 19 | . 5 3 5 7 5 4 5 5 4 2 . 6 11 3 . 7 3 6 3 5 4 8 . 9 6 15 8 19 Tactical Retreats 29 | . 2 . 2 . 1 . . 2 2 . . 2 1 . . . 1 3 . 2 . 4 . 3 . 1 2 1 Traps | -11 -10 -9 -9 -9 -8 -8 -8 -8 -7 -7 -7 -7 -6 -6 -6 -6 -5 -5 -5 -5 -4 -4 -3 -3 -3 -3 -2 -2 ------- Run | Yrd Mat Mat Sto Gar Mat Gar Mat Gar Fac Was Fac Gar Fac Was Fac Gar Fac Gar Fac Gar Fac Gar Res Gar Res Gar Res Gar Traps Triggered 47 | . 2 . . 2 . 5 . 7 2 . 1 3 1 . . 2 . 5 1 3 . 6 1 2 . 2 2 . Indirectly . | . . . . . . . . . . . . . . . . . . . . . . . . . . . . . Trap Hack Attempts . | . . . . . . . . . . . . . . . . . . . . . . . . . . . . . Triggered . | . . . . . . . . . . . . . . . . . . . . . . . . . . . . . Disarmed . | . . . . . . . . . . . . . . . . . . . . . . . . . . . . . Reprogrammed . | . . . . . . . . . . . . . . . . . . . . . . . . . . . . . Reused . | . . . . . . . . . . . . . . . . . . . . . . . . . . . . . Traps Extracted . | . . . . . . . . . . . . . . . . . . . . . . . . . . . . . Installed . | . . . . . . . . . . . . . . . . . . . . . . . . . . . . . Triggered . | . . . . . . . . . . . . . . . . . . . . . . . . . . . . . Machines | -11 -10 -9 -9 -9 -8 -8 -8 -8 -7 -7 -7 -7 -6 -6 -6 -6 -5 -5 -5 -5 -4 -4 -3 -3 -3 -3 -2 -2 ---------- Run | Yrd Mat Mat Sto Gar Mat Gar Mat Gar Fac Was Fac Gar Fac Was Fac Gar Fac Gar Fac Gar Fac Gar Res Gar Res Gar Res Gar Machines Disabled 52 | . . . 2 3 . 3 . 4 . . . 8 . . . 5 1 3 5 1 5 10 . 1 . 1 . . Max in Single Turn 5 | . . . 1 1 . 1 . 1 . . . 1 . . . 2 1 1 3 1 5 2 . 1 . 1 . . Garrison Relay 30 | . . . . 3 . 3 . 4 . . . 4 . . . 3 . 2 . 1 . 8 . 1 . 1 . . Phase Generator 3 | . . . . . . . . . . . . . . . . . . 1 . . . 1 . . . . . 1 Machines Repaired . | . . . . . . . . . . . . . . . . . . . . . . . . . . . . . Machines Dismantled . | . . . . . . . . . . . . . . . . . . . . . . . . . . . . . Machines Sabotaged . | . . . . . . . . . . . . . . . . . . . . . . . . . . . . . Overloaded Fab Kills . | . . . . . . . . . . . . . . . . . . . . . . . . . . . . . Hacking | -11 -10 -9 -9 -9 -8 -8 -8 -8 -7 -7 -7 -7 -6 -6 -6 -6 -5 -5 -5 -5 -4 -4 -3 -3 -3 -3 -2 -2 --------- Run | Yrd Mat Mat Sto Gar Mat Gar Mat Gar Fac Was Fac Gar Fac Was Fac Gar Fac Gar Fac Gar Fac Gar Res Gar Res Gar Res Gar Machines Accessed 48 | . . . 3 2 4 2 1 4 3 . 2 2 . . 1 4 1 . 4 1 2 2 1 1 5 . 2 1 Terminals 28 | . . . 2 2 2 2 . 4 . . 1 2 . . . 4 . . 2 1 . 2 . 1 2 . . 1 Fabricators 3 | . . . . . . . . . 2 . . . . . . . . . 1 . . . . . . . . . Repair Stations . | . . . . . . . . . . . . . . . . . . . . . . . . . . . . . Recycling Units 3 | . . . . . . . . . . . . . . . . . . . . . 1 . . . 1 . 1 . Scanalyzers 3 | . . . . . 1 . . . 1 . . . . . . . . . . . . . . . 1 . . . Garrison Access 11 | . . . 1 . 1 . 1 . . . 1 . . . 1 . 1 . 1 . 1 . 1 . 1 . 1 . Total Hacks 74 | . . . 6 3 5 4 1 5 4 . 2 3 . . 1 6 1 . 5 2 2 5 1 3 11 . 3 1 Successful 37 | . . . 3 2 3 1 1 3 2 . 2 1 . . 1 1 1 . 2 1 2 1 1 . 5 . 3 1 Failed 37 | . . . 3 1 2 3 . 2 2 . . 2 . . . 5 . . 3 1 . 4 . 3 6 . . . Catastrophic 15 | . . . . . 2 2 . 1 1 . . . . . . 3 . . 1 1 . 1 . 1 2 . . . Database Lockouts . | . . . . . . . . . . . . . . . . . . . . . . . . . . . . . Manual 5 | . . . . . 2 . . . 2 . . . . . . . . . 1 . . . . . . . . . Terminals 45 | . . . 5 3 2 4 . 5 . . 1 3 . . . 6 . . 2 2 . 5 . 3 3 . . 1 Fabricators 4 | . . . . . . . . . 2 . . . . . . . . . 2 . . . . . . . . . Repair Stations . | . . . . . . . . . . . . . . . . . . . . . . . . . . . . . Recycling Units 8 | . . . . . . . . . . . . . . . . . . . . . 1 . . . 5 . 2 . Scanalyzers 6 | . . . . . 2 . . . 2 . . . . . . . . . . . . . . . 2 . . . Garrison Access 11 | . . . 1 . 1 . 1 . . . 1 . . . 1 . 1 . 1 . 1 . 1 . 1 . 1 . Terminal Hacks 14 | . . . 2 2 . 1 . 3 . . 1 1 . . . 1 . . . 1 . 1 . . . . . 1 Open Door 1 | . . . 1 . . . . . . . . . . . . . . . . . . . . . . . . . Branch Access Points 1 | . . . 1 . . . . . . . . . . . . . . . . . . . . . . . . . Emergency Access Points 5 | . . . . 1 . . . 1 . . . 1 . . . 1 . . . 1 . . . . . . . . Zone Layout 1 | . . . . . . . . . . . 1 . . . . . . . . . . . . . . . . . Garrison Registry 4 | . . . . 1 . 1 . 1 . . . . . . . . . . . . . . . . . . . 1 Patrol Navigation 1 | . . . . . . . . . . . . . . . . . . . . . . 1 . . . . . . Security Stations 1 | . . . . . . . . 1 . . . . . . . . . . . . . . . . . . . . Fabricator Hacks 1 | . . . . . . . . . . . . . . . . . . . 1 . . . . . . . . . Load Schematic 1 | . . . . . . . . . . . . . . . . . . . 1 . . . . . . . . . Repair Station Hacks . | . . . . . . . . . . . . . . . . . . . . . . . . . . . . . Recycling Unit Hacks 5 | . . . . . . . . . . . . . . . . . . . . . 1 . . . 2 . 2 . Process 1 | . . . . . . . . . . . . . . . . . . . . . . . . . 1 . . . Retrieve Matter 1 | . . . . . . . . . . . . . . . . . . . . . . . . . 1 . . . Retrieve Components 3 | . . . . . . . . . . . . . . . . . . . . . 1 . . . . . 2 . Scanalyzer 5 | . . . . . 2 . . . 1 . . . . . . . . . . . . . . . 2 . . . Insert Component 1 | . . . . . 1 . . . . . . . . . . . . . . . . . . . . . . . Analyze 1 | . . . . . 1 . . . . . . . . . . . . . . . . . . . . . . . Retrieve Study 3 | . . . . . . . . . 1 . . . . . . . . . . . . . . . 2 . . . Garrison Access Hacks 11 | . . . 1 . 1 . 1 . . . 1 . . . 1 . 1 . 1 . 1 . 1 . 1 . 1 . Unlock Access 11 | . . . 1 . 1 . 1 . . . 1 . . . 1 . 1 . 1 . 1 . 1 . 1 . 1 . Unauthorized Hacks 1 | . . . . . . . . . 1 . . . . . . . . . . . . . . . . . . . Terminals . | . . . . . . . . . . . . . . . . . . . . . . . . . . . . . Fabricators 1 | . . . . . . . . . 1 . . . . . . . . . . . . . . . . . . . Haulers 1 | . . . . . . . . . 1 . . . . . . . . . . . . . . . . . . . Repair Stations . | . . . . . . . . . . . . . . . . . . . . . . . . . . . . . Recycling Units . | . . . . . . . . . . . . . . . . . . . . . . . . . . . . . Scanalyzers . | . . . . . . . . . . . . . . . . . . . . . . . . . . . . . Garrison Access . | . . . . . . . . . . . . . . . . . . . . . . . . . . . . . Data Cores Recovered 2 | . . . . . . . 1 . . . . . . . . . . . 1 . . . . . . . . . Used . | . . . . . . . . . . . . . . . . . . . . . . . . . . . . . Hacking Detections 34 | . . . 1 . 3 2 . 3 2 . 1 2 . . . 4 . . 4 1 1 2 1 1 4 . 2 . Full Trace Events 8 | . . . 1 . . 1 . . . . . . . . . 1 . . . 1 . 2 . . 2 . . . Feedback Events . | . . . . . . . . . . . . . . . . . . . . . . . . . . . . . Feedback Blocked . | . . . . . . . . . . . . . . . . . . . . . . . . . . . . . Robot Schematics Acquired . | . . . . . . . . . . . . . . . . . . . . . . . . . . . . . Robots Built . | . . . . . . . . . . . . . . . . . . . . . . . . . . . . . Authchips . | . . . . . . . . . . . . . . . . . . . . . . . . . . . . . Time . | . . . . . . . . . . . . . . . . . . . . . . . . . . . . . Total Robot Build Rating . | . . . . . . . . . . . . . . . . . . . . . . . . . . . . . Part Schematics Acquired 1 | . . . . . 1 . . . . . . . . . . . . . . . . . . . . . . . Parts Built . | . . . . . . . . . . . . . . . . . . . . . . . . . . . . . Authchips . | . . . . . . . . . . . . . . . . . . . . . . . . . . . . . Time . | . . . . . . . . . . . . . . . . . . . . . . . . . . . . . Total Part Build Rating . | . . . . . . . . . . . . . . . . . . . . . . . . . . . . . Part Studies Acquired 3 | . . . . . . . . . 1 . . . . . . . . . . . . . . . 2 . . . Parts Repaired . | . . . . . . . . . . . . . . . . . . . . . . . . . . . . . Time . | . . . . . . . . . . . . . . . . . . . . . . . . . . . . . Parts Recycled . | . . . . . . . . . . . . . . . . . . . . . . . . . . . . . Recycled Matter . | . . . . . . . . . . . . . . . . . . . . . . . . . . . . . Retrieved Matter . | . . . . . . . . . . . . . . . . . . . . . . . . . . . . . Retrieved Components 1 | . . . . . . . . . . . . . . . . . . . . . 1 . . . . . . . Parts Scanalyzed 1 | . . . . . 1 . . . . . . . . . . . . . . . . . . . . . . . Part Schematics Acquired 1 | . . . . . 1 . . . . . . . . . . . . . . . . . . . . . . . Parts Damaged . | . . . . . . . . . . . . . . . . . . . . . . . . . . . . . Bothacking | -11 -10 -9 -9 -9 -8 -8 -8 -8 -7 -7 -7 -7 -6 -6 -6 -6 -5 -5 -5 -5 -4 -4 -3 -3 -3 -3 -2 -2 ------------ Run | Yrd Mat Mat Sto Gar Mat Gar Mat Gar Fac Was Fac Gar Fac Was Fac Gar Fac Gar Fac Gar Fac Gar Res Gar Res Gar Res Gar Used RIF Installer 10 | . . . . 1 . 1 . 1 . . . 1 . . . 1 . 1 . 1 . 1 . 1 . 1 . . Coupler Efficiency 1 | . . . . . . . . . . . . . . . . . . . . . . . . 1 . . . . Zone Cloak 2 | . . . . . . . . . . . . . . . . 1 . . . . . . . . . 1 . . Robot Detection 1 | . . . . . . 1 . . . . . . . . . . . . . . . . . . . . . . Watcher Feeds 1 | . . . . . . . . . . . . . . . . . . . . 1 . . . . . . . . Patrol Navigation 1 | . . . . . . . . . . . . . . . . . . 1 . . . . . . . . . . Alert ID Control 1 | . . . . . . . . 1 . . . . . . . . . . . . . . . . . . . . Structural Interface 1 | . . . . . . . . . . . . . . . . . . . . . . 1 . . . . . . Program Shield 1 | . . . . . . . . . . . . 1 . . . . . . . . . . . . . . . . Robots Hacked 39 | . . . . . . . 7 . 1 4 . 2 2 6 . 2 1 1 . 1 . 5 . 1 2 4 . . Non-combat 6 | . . . . . . . 2 . 1 . . . 1 . . . . . . . . . . . 2 . . . Combat 33 | . . . . . . . 5 . . 4 . 2 1 6 . 2 1 1 . 1 . 5 . 1 . 4 . . Robot Hacks Applied 40 | . . . . . . . 8 . 1 4 . 2 2 6 . 2 1 1 . 1 . 5 . 1 2 4 . . find_chute 1 | . . . . . . . . . 1 . . . . . . . . . . . . . . . . . . . drop_inventory 1 | . . . . . . . 1 . . . . . . . . . . . . . . . . . . . . . purge_threat 1 | . . . . . . . . . . . . . . . . . . . . . . . . . 1 . . . map_route 2 | . . . . . . . 1 . . . . . . . . . . . . . . . . . 1 . . . ignore_targets 10 | . . . . . . . . . . 4 . . . 6 . . . . . . . . . . . . . . find_garrison 1 | . . . . . . . . . . . . . . . . . 1 . . . . . . . . . . . overload_power 1 | . . . . . . . 1 . . . . . . . . . . . . . . . . . . . . . amplify_resonance 9 | . . . . . . . . . . . . 1 . . . 1 . . . . . 3 . 1 . 3 . . disable_weapons 1 | . . . . . . . 1 . . . . . . . . . . . . . . . . . . . . . reboot_system 1 | . . . . . . . . . . . . . . . . . . 1 . . . . . . . . . . overwrite_iff 5 | . . . . . . . . . . . . 1 1 . . . . . . 1 . 1 . . . 1 . . streamctrl_high 1 | . . . . . . . . . . . . . 1 . . . . . . . . . . . . . . . formatsys_high 6 | . . . . . . . 4 . . . . . . . . 1 . . . . . 1 . . . . . . Relay Couplers Released 123 | . . . . 11 . 12 . 19 . . . 19 . . . 15 . 6 . 3 . 31 . 4 . 3 . . Machine Destruction 117 | . . . . 11 . 9 . 19 . . . 19 . . . 12 . 6 . 3 . 31 . 4 . 3 . . Programmers 6 | . . . . . . 3 . . . . . . . . . 3 . . . . . . . . . . . . Attached 27 | . . . . . . . 4 . 2 1 . 4 2 . . 1 . 3 . . . 4 . 2 1 3 . . Fabnet Peak Effective % . | . . . . . . . . . . . . . . . . . . . . . . . . . . . . . Robots Rewired 7 | . . . . . . 3 . . . . . . . . . . . . . . . 4 . . . . . . Allies Hacked 1 | . . . . . . . . . . . . . . . . . . . . . . . . 1 . . . . Hacks Repelled . | . . . . . . . . . . . . . . . . . . . . . . . . . . . . . Allies | -11 -10 -9 -9 -9 -8 -8 -8 -8 -7 -7 -7 -7 -6 -6 -6 -6 -5 -5 -5 -5 -4 -4 -3 -3 -3 -3 -2 -2 -------- Run | Yrd Mat Mat Sto Gar Mat Gar Mat Gar Fac Was Fac Gar Fac Was Fac Gar Fac Gar Fac Gar Fac Gar Res Gar Res Gar Res Gar Total Allies 29 | . . . 10 . . 3 4 . . . . 1 2 . . 1 . . . 1 . 6 . . . 1 . . Largest Group 10 | . . . 10 10 . 2 3 1 . . . 1 1 . . 1 . . . 1 . 4 4 4 . 1 . . Highest-Rated Group 184 | . . . 88 88 . 48 72 15 . . . 12 111 . . 32 . . . 29 . 184 184 171 . 47 . . Highest-Rated Ally 111 | . . . 16 16 . 24 24 15 . . . 12 111 . . 32 . . . 29 . 49 46 46 . 47 . . Total Orders 2 | . . . . . . . . . . . . . . . . . . . . . . . . 2 . . . . STAY 1 | . . . . . . . . . . . . . . . . . . . . . . . . 1 . . . . FOLLOW 1 | . . . . . . . . . . . . . . . . . . . . . . . . 1 . . . . Ally Attacks 201 | . . . 28 62 . . 36 2 . . . 6 4 . . 14 . . . 6 . 29 . 13 . 1 . . Total Damage 2838 | . . . 182 547 . . 633 31 . . . 50 294 . . 376 . . . 94 . 416 . 177 . 38 . . Kills 34 | . . . 1 9 . . 10 . . . . 1 4 . . 3 . . . . . 5 . 1 . . . . Allies Corrupted 2 | . . . . . . . . . . . . . . . . . . . . . . 1 . 1 . . . . Allies Melted 1 | . . . . . . . . . . . . . . . . . . 1 . . . . . . . . . . Intel | -11 -10 -9 -9 -9 -8 -8 -8 -8 -7 -7 -7 -7 -6 -6 -6 -6 -5 -5 -5 -5 -4 -4 -3 -3 -3 -3 -2 -2 ------- Run | Yrd Mat Mat Sto Gar Mat Gar Mat Gar Fac Was Fac Gar Fac Was Fac Gar Fac Gar Fac Gar Fac Gar Res Gar Res Gar Res Gar Active Infowar (turns) 262 | . . . . . . . . . . . . . 139 . . . . . . . . . . . . . 123 . Seismic 139 | . . . . . . . . . . . . . 139 . . . . . . . . . . . . . . . T.N.C. 123 | . . . . . . . . . . . . . . . . . . . . . . . . . . . 123 . Robot Analysis Total . | . . . . . . . . . . . . . . . . . . . . . . . . . . . . . Derelict Logs Recovered . | . . . . . . . . . . . . . . . . . . . . . . . . . . . . . Drone Launches . | . . . . . . . . . . . . . . . . . . . . . . . . . . . . . Drone Recoveries . | . . . . . . . . . . . . . . . . . . . . . . . . . . . . . Exploration | -11 -10 -9 -9 -9 -8 -8 -8 -8 -7 -7 -7 -7 -6 -6 -6 -6 -5 -5 -5 -5 -4 -4 -3 -3 -3 -3 -2 -2 ------------- Run | Yrd Mat Mat Sto Gar Mat Gar Mat Gar Fac Was Fac Gar Fac Was Fac Gar Fac Gar Fac Gar Fac Gar Res Gar Res Gar Res Gar Turns Passed 21724 | 94 713 23 503 1260 1368 1420 382 2066 878 177 198 1188 1023 289 59 1714 933 1618 836 1238 236 2024 116 667 289 150 221 41 Spaces Moved 9554 | 56 249 8 158 501 515 595 169 769 517 113 137 648 385 83 18 491 279 506 356 338 125 1068 78 317 543 230 229 73 Core 258 | 12 . . . . . . . . . . . . . . . . . . . . . 2 . 108 8 . 55 73 Treads 2041 | 44 249 8 87 1 3 11 . 331 . . . 59 155 83 18 191 . 243 24 243 . 160 . 131 . . . . Legs 466 | . . . . . . . . . . . . . . . . 300 166 . . . . . . . . . . . Wheels 5850 | . . . 71 500 512 584 169 438 517 113 137 589 230 . . . 113 263 332 95 125 906 78 78 . . . . Hover 82 | . . . . . . . . . . . . . . . . . . . . . . . . . . 56 26 . Flight 857 | . . . . . . . . . . . . . . . . . . . . . . . . . 535 174 148 . Fastest Speed 36 | 50 160 320 140 155 215 140 190 145 145 135 135 120 135 330 330 250 170 170 170 165 165 120 120 50 39 36 40 50 Average Speed 186 | 136 236 320 244 225 230 182 190 225 150 140 135 145 202 330 330 304 281 232 205 299 165 150 132 142 44 43 64 50 Slowest Speed 1300 | 160 320 320 320 560 560 320 190 560 160 150 135 250 330 330 330 610 680 360 360 360 165 1300 135 240 50 45 200 50 Overloaded Moves . | . . . . . . . . . . . . . . . . . . . . . . . . . . . . . Propulsion Burnouts . | . . . . . . . . . . . . . . . . . . . . . . . . . . . . . Robots Hopped 3 | . . . . . . . . . . . . . . . . . . . . . . . . . 3 . . . Potential Cave-ins 7 | . . . . . . . . . . . . . . . . . . 4 . . . . . 3 . . . . Cave-ins Triggered . | . . . . . . . . . . . . . . . . . . . . . . . . . . . . . Exploration Rate (%) 34 | 6 41 3 20 70 45 68 23 71 21 75 5 56 8 72 2 69 10 50 8 49 7 88 2 43 19 56 8 16 Regions Visited 28 Branch Regions 1 Pre-discovered Areas . | . . . . . . . . . . . . . . . . . . . . . . . . . . . . . Known Exits Taken 11 | . . . 1 . 1 . 1 . . . 1 . . . 1 . 1 . 1 . 1 . 1 . 1 . 1 . Unknown Exits Taken 3 | 1 1 1 . . . . . . . . . . . . . . . . . . . . . . . . . . Scrap Searched . | . . . . . . . . . . . . . . . . . . . . . . . . . . . . . Spaces Dug 27 | . . . . . . . . . 6 . . . 4 . 1 . 2 4 1 . . 6 . . 3 . . . Terrain Destroyed 739 | . 3 . 5 . . 11 . . 8 1 1 . 31 . 1 77 7 33 68 48 39 175 . 228 3 . . . Melee 3 | . . . . . . . . . . . . . . . . . . . . . . . . . 3 . . . Projectile 118 | . 3 . 5 . . . . . 8 1 1 . 7 . 1 2 7 33 32 16 1 1 . . . . . . AOE 618 | . . . . . . 11 . . . . . . 24 . . 75 . . 36 32 38 174 . 228 . . . . Terrain Rammed . | . . . . . . . . . . . . . . . . . . . . . . . . . . . . . Walls Destroyed . | . . . . . . . . . . . . . . . . . . . . . . . . . . . . . Machines Disabled . | . . . . . . . . . . . . . . . . . . . . . . . . . . . . . Actions | -11 -10 -9 -9 -9 -8 -8 -8 -8 -7 -7 -7 -7 -6 -6 -6 -6 -5 -5 -5 -5 -4 -4 -3 -3 -3 -3 -2 -2 --------- Run | Yrd Mat Mat Sto Gar Mat Gar Mat Gar Fac Was Fac Gar Fac Was Fac Gar Fac Gar Fac Gar Fac Gar Res Gar Res Gar Res Gar Total 11916 | 67 306 7 213 560 607 753 219 947 582 127 151 803 549 94 18 610 372 784 411 482 151 1362 88 439 572 276 289 77 Wait 439 | . . . 6 . 7 . 22 5 10 . . 28 30 . . 10 40 108 2 49 18 49 . 29 . 18 8 . Move 9529 | 55 248 7 157 499 515 594 169 767 517 112 137 647 385 82 17 489 279 505 356 337 125 1067 78 316 538 229 229 73 Hop 2 | . . . . . . . . . . . . . . . . . . . . . . . . . 2 . . . Pick Up 230 | 4 13 . 9 5 14 16 4 17 5 1 4 12 16 . . 13 10 24 6 14 2 21 6 9 4 1 . . Fast Attach 120 | 6 2 . 5 1 5 1 . 1 4 3 2 11 11 3 . 2 4 14 9 3 . 6 3 5 7 2 10 . Attach 121 | . 1 . 3 3 6 9 1 4 3 1 1 2 12 . . 11 10 11 4 10 1 10 . 11 3 3 1 . Detach 14 | . . . 2 . . . . . 1 . . . 3 . . 1 1 1 . 2 . . . 1 . 1 1 . Swap 133 | . 2 . 2 4 8 12 4 11 3 1 . 11 9 2 . 9 3 15 . 8 2 13 1 10 . 3 . . Drop 179 | . 5 . 3 . 13 12 5 17 9 3 6 12 13 . . 4 . 27 8 13 1 15 . 9 1 3 . . Fire 867 | 2 35 . 26 32 38 81 13 83 22 6 1 64 70 7 1 64 25 79 26 44 2 81 . 46 7 6 6 . Melee 11 | . . . . . . 1 . . . . . . . . . . . . . . . . . . 8 2 . . Ram 11 | . . . . . . . . . . . . . . . . . . . . . . . . . 2 1 4 4 Kick . | . . . . . . . . . . . . . . . . . . . . . . . . . . . . . Crush 1 | . . . . . 1 . . . . . . . . . . . . . . . . . . . . . . . Escape Stasis 169 | . . . . 16 . 27 . 42 8 . . 16 . . . 7 . . . 2 . 12 . 2 . 7 30 . Rewire 90 | . . . . . . . 1 . . . . . . . . . . . . . . 88 . 1 . . . . Trap . | . . . . . . . . . . . . . . . . . . . . . . . . . . . . . Miscellaneous . | . . . . . . . . . . . . . . . . . . . . . . . . . . . . . Route ------- -11/Scrapyard -10/Materials -9/Materials (discovered 2 exits: *Sto x2) -9/Storage (discovered 2 exits: Rec / Gar) -9/Garrison (discovered 3 exits: *Mat x3) -8/Materials (discovered 2 exits: *Fac / Gar) -8/Garrison (discovered 4 exits: *Mat x4) -8/Materials (discovered 2 exits: Fac / Gar) -8/Garrison (discovered 3 exits: *Fac x3) -7/Factory -7/Waste -7/Factory -7/Garrison -6/Factory -6/Waste -6/Factory -6/Garrison (discovered 2 exits: *Fac x2) -5/Factory -5/Garrison -5/Factory (discovered 2 exits: *Fac / Gar) -5/Garrison -4/Factory -4/Garrison (discovered 3 exits: *Res x3) -3/Research -3/Garrison -3/Research -3/Garrison -2/Research -2/Garrison (discovered 3 exits: [Acc x3]) History --------- Turn | Location | Event 6 | -11/Scrapyard | Discovered new exit (range 16) 95 | -11/Scrapyard | Entered Materials 309 | -10/Materials | Build established: Mutant 579 | -10/Materials | Discovered new exit (range 16) 808 | -10/Materials | Entered another Materials area 808 | -9/Materials | Evolved 2 slots: Weapon x2 808 | -9/Materials | Discovered new exit (range 8) 821 | -9/Materials | Discovered new exit (range 16) 831 | -9/Materials | Entered Storage 993 | -9/Storage | Found Prototype Launcher 993 | -9/Storage | Identified Scatter Rocket Array 1012 | -9/Storage | Identified exit to Recycling 1145 | -9/Storage | Garrison activated, responded to threat 1171 | -9/Storage | Build established: Gunner 1242 | -9/Storage | Lost 3 parts (2n1w) 1288 | -9/Storage | Assisted by bots powering up and referring to "LRC-V3" 1323 | -9/Storage | Identified exit to Garrison 1334 | -9/Storage | Entered Garrison 1334 | -9/Garrison | Accompanied by 10 allies 1380 | -9/Garrison | Triggered checkpoint 1438 | -9/Garrison | Lost 5 allies 1531 | -9/Garrison | Garrison Relay disabled 1646 | -9/Garrison | Build established: Commander-Gunner 1660 | -9/Garrison | Triggered checkpoint 1669 | -9/Garrison | Triggered checkpoint 1680 | -9/Garrison | Triggered checkpoint 1720 | -9/Garrison | Lost 4 allies 1858 | -9/Garrison | Triggered checkpoint 1944 | -9/Garrison | Garrison Relay disabled 1978 | -9/Garrison | Build established: Gunner 1990 | -9/Garrison | Triggered checkpoint 2043 | -9/Garrison | Garrison Relay disabled 2123 | -9/Garrison | Discovered new exit (range 14) 2293 | -9/Garrison | Discovered new exit (range 57) 2293 | -9/Garrison | Discovered new exit (range 46) 2293 | -9/Garrison | Discovered new exit (range 11) 2564 | -9/Garrison | Installed Relay Interface Framework 2594 | -9/Garrison | Entered Materials 2594 | -8/Materials | Evolved 2 slots: Utility x2 2904 | -8/Materials | Build established: Scavenger-Tank 3166 | -8/Materials | Discovered new exit (range 10) 3422 | -8/Materials | Build established: Scavenger-Gunner 3823 | -8/Materials | Garrison activated, responded to threat 3962 | -8/Materials | Identified exit to Garrison 3962 | -8/Materials | Entered Garrison 4090 | -8/Garrison | Garrison Relay disabled 4181 | -8/Garrison | Triggered checkpoint 4243 | -8/Garrison | Triggered checkpoint 4251 | -8/Garrison | Triggered checkpoint 4286 | -8/Garrison | Destroyed 8 combat bots 4336 | -8/Garrison | Core integrity fell below 50% 4366 | -8/Garrison | Lost 4 parts (2n1u1w) 4497 | -8/Garrison | Triggered checkpoint 4556 | -8/Garrison | Discovered new exit (range 6) 4556 | -8/Garrison | Discovered new exit (range 52) 4556 | -8/Garrison | Discovered new exit (range 93) 4556 | -8/Garrison | Discovered new exit (range 68) 4693 | -8/Garrison | Garrison Relay disabled 5122 | -8/Garrison | Triggered checkpoint 5125 | -8/Garrison | Build established: Bothacker-Gunner 5182 | -8/Garrison | Expanded RIF knowledge: Robot Detection 5269 | -8/Garrison | Garrison Relay disabled 5324 | -8/Garrison | Triggered checkpoint 5382 | -8/Garrison | Entered Materials 5382 | -8/Materials | Accompanied by 3 allies 5611 | -8/Materials | Discovered new exit (range 52) 5664 | -8/Materials | Garrison activated, responded to threat 5750 | -8/Materials | Identified exit to Garrison 5764 | -8/Materials | Entered Garrison 5764 | -8/Garrison | Accompanied by 1 ally 5878 | -8/Garrison | Triggered checkpoint 5938 | -8/Garrison | Destroyed 7 combat bots 5965 | -8/Garrison | Garrison Relay disabled 6456 | -8/Garrison | Triggered checkpoint 6679 | -8/Garrison | Discovered new exit (range 11) 6768 | -8/Garrison | Triggered checkpoint 6865 | -8/Garrison | Garrison Relay disabled 6908 | -8/Garrison | Garrison Relay disabled 7380 | -8/Garrison | Triggered checkpoint 7429 | -8/Garrison | Discovered new exit (range 13) 7526 | -8/Garrison | Triggered checkpoint 7566 | -8/Garrison | Learned Factory security intel 7575 | -8/Garrison | Garrison Relay disabled 7605 | -8/Garrison | Discovered new exit (range 25) 7605 | -8/Garrison | Discovered new exit (range 64) 7605 | -8/Garrison | Discovered new exit (range 44) 7620 | -8/Garrison | Triggered checkpoint 7672 | -8/Garrison | Triggered checkpoint 7774 | -8/Garrison | Expanded RIF knowledge: Alert ID Control 7830 | -8/Garrison | Entered Factory 7830 | -7/Factory | Evolved 2 slots: Utility x2 8154 | -7/Factory | Build established: Bothacker-Tank 8630 | -7/Factory | First assault squad dispatched 8708 | -7/Factory | Sucked down chute 8708 | -7/Factory | Entered Waste 8773 | -7/Waste | Spotted C-40 Crusher 8777 | -7/Waste | Spotted C-40 Crusher 8809 | -7/Waste | Spotted C-40 Crusher 8826 | -7/Waste | Spotted C-40 Crusher 8834 | -7/Waste | Spotted C-40 Crusher 8866 | -7/Waste | Discovered new exit (range 13) 8885 | -7/Waste | Entered Factory 9083 | -7/Factory | Identified exit to Garrison 9083 | -7/Factory | Entered Garrison 9084 | -7/Garrison | Build established: Bothacker-Gunner 9133 | -7/Garrison | Triggered checkpoint 9197 | -7/Garrison | Heavy support dispatched to Factory 9198 | -7/Garrison | Garrison Relay disabled 9263 | -7/Garrison | Triggered checkpoint 9449 | -7/Garrison | Triggered checkpoint 9500 | -7/Garrison | Garrison Relay disabled 9634 | -7/Garrison | Discovered new exit (range 12) 9697 | -7/Garrison | Triggered checkpoint 9767 | -7/Garrison | Triggered checkpoint 9787 | -7/Garrison | Expanded RIF knowledge: Program Shield 9823 | -7/Garrison | Garrison Relay disabled 9875 | -7/Garrison | Garrison Relay disabled 10079 | -7/Garrison | Build established: Botlord-Gunner 10103 | -7/Garrison | H-XX Assembler disabled 10271 | -7/Garrison | Entered Factory 10271 | -6/Factory | Evolved 2 slots: Utility x2 10416 | -6/Factory | Build established: Botlord-Tank 10616 | -6/Factory | Lost 5 parts (1p1u3w) 10693 | -6/Factory | Discovered new exit (range 15) 10809 | -6/Factory | Lost 3 parts (1n1u1w) 11028 | -6/Factory | Cargo convoy interrupted 11057 | -6/Factory | Found Prototype Launcher 11057 | -6/Factory | Identified Hellfire Missile Launcher 11063 | -6/Factory | Destroyed 10 combat bots 11065 | -6/Factory | Found Hellfire Missile Launcher 11081 | -6/Factory | Found Hellfire Missile Launcher 11294 | -6/Factory | Sucked down chute 11294 | -6/Factory | Entered Waste 11309 | -6/Waste | EMP discharged 11382 | -6/Waste | Spotted C-40 Crusher 11402 | -6/Waste | Spotted C-40 Crusher 11407 | -6/Waste | Spotted C-40 Crusher 11409 | -6/Waste | EMP discharged 11409 | -6/Waste | System corruption reached 10% 11416 | -6/Waste | Spotted C-40 Crusher 11424 | -6/Waste | Spotted C-40 Crusher 11447 | -6/Waste | Spotted C-40 Crusher 11509 | -6/Waste | EMP discharged 11550 | -6/Waste | Discovered new exit (range 10) 11583 | -6/Waste | Entered Factory 11625 | -6/Factory | Identified exit to Garrison 11642 | -6/Factory | Entered Garrison 11800 | -6/Garrison | Triggered checkpoint 11857 | -6/Garrison | Garrison Relay disabled 11949 | -6/Garrison | Garrison Relay disabled 12206 | -6/Garrison | Triggered checkpoint 12223 | -6/Garrison | Triggered checkpoint 12247 | -6/Garrison | Triggered checkpoint 12266 | -6/Garrison | Triggered checkpoint 12310 | -6/Garrison | Destroyed 11 combat bots 12312 | -6/Garrison | Lost 4 parts (1p1n2w) 12563 | -6/Garrison | Build established: Botlord-Gunner 12595 | -6/Garrison | Garrison Relay disabled 12628 | -6/Garrison | Triggered checkpoint 12676 | -6/Garrison | Discovered new exit (range 8) 13115 | -6/Garrison | Expanded RIF knowledge: Zone Cloak 13163 | -6/Garrison | Discovered new exit (range 10) 13356 | -6/Garrison | Entered Factory 13356 | -5/Factory | Evolved 2 slots: Power x1, Utility x1 13900 | -5/Factory | Lost 5 parts (2u3w) 13976 | -5/Factory | Lost 3 parts (1p1n1w) 14250 | -5/Factory | Build established: Botlord-Tank 14289 | -5/Factory | Identified exit to Garrison 14289 | -5/Factory | Entered Garrison 14336 | -5/Garrison | Phase Generator disabled 14381 | -5/Garrison | Garrison Relay disabled 14462 | -5/Garrison | Expanded RIF knowledge: Patrol Navigation 14487 | -5/Garrison | Triggered checkpoint 14487 | -5/Garrison | Spotted B-75 Beast 14519 | -5/Garrison | Destroyed B-75 Beast 14559 | -5/Garrison | System corruption reached 10% 14846 | -5/Garrison | Spotted B-75 Beast 14953 | -5/Garrison | Triggered checkpoint 15007 | -5/Garrison | Found Gamma Bomb Array 15022 | -5/Garrison | Lost 5 parts (2n1u2w) 15151 | -5/Garrison | Garrison Relay disabled 15448 | -5/Garrison | Discovered new exit (range 12) 15568 | -5/Garrison | Found Relay Coupler [Proto] 15572 | -5/Garrison | Found Relay Coupler [Proto] 15578 | -5/Garrison | Found Relay Coupler [Proto] 15582 | -5/Garrison | Found Relay Coupler [Proto] 15907 | -5/Garrison | Entered Factory 16173 | -5/Factory | Lost 3 parts (1p1n1w) 16215 | -5/Factory | Discovered new exit (range 14) 16305 | -5/Factory | Build established: Botlord-Gunner 16649 | -5/Factory | Build established: Botlord-Tank 16743 | -5/Factory | Identified exit to Garrison 16743 | -5/Factory | Entered Garrison 16943 | -5/Garrison | Expanded RIF knowledge: Watcher Feeds 17421 | -5/Garrison | Discovered new exit (range 30) 17431 | -5/Garrison | Triggered checkpoint 17586 | -5/Garrison | Garrison Relay disabled 17838 | -5/Garrison | Core integrity fell below 50% 17874 | -5/Garrison | Lost 3 parts (2u1w) 17981 | -5/Garrison | Entered Factory 17981 | -4/Factory | Evolved 2 slots: Propulsion x2 18217 | -4/Factory | Identified exit to Garrison 18217 | -4/Factory | Entered Garrison 18239 | -4/Garrison | Triggered checkpoint 18286 | -4/Garrison | Garrison Relay disabled 18443 | -4/Garrison | Spotted B-86 Titan 18474 | -4/Garrison | Triggered checkpoint 18498 | -4/Garrison | Destroyed B-86 Titan 18528 | -4/Garrison | Lost 3 parts (1u2w) 18552 | -4/Garrison | Phase Generator disabled 18583 | -4/Garrison | Lost 3 parts (1n1u1w) 18744 | -4/Garrison | Garrison Relay disabled 18747 | -4/Garrison | Garrison Relay disabled 18747 | -4/Garrison | Garrison Relay disabled 18751 | -4/Garrison | Garrison Relay disabled 19063 | -4/Garrison | Discovered new exit (range 14) 19142 | -4/Garrison | Garrison Relay disabled 19157 | -4/Garrison | Triggered checkpoint 19217 | -4/Garrison | Triggered checkpoint 19301 | -4/Garrison | Triggered checkpoint 19305 | -4/Garrison | Discovered new exit (range 13) 19308 | -4/Garrison | Spotted B-90 Cyclops 19315 | -4/Garrison | Spotted B-86 Titan 19361 | -4/Garrison | Triggered checkpoint 19401 | -4/Garrison | Destroyed 7 combat bots 19407 | -4/Garrison | Lost 3 parts (1n1u1w) 19533 | -4/Garrison | Triggered checkpoint 19662 | -4/Garrison | Build established: Scavenger-Tank 19665 | -4/Garrison | Garrison Relay disabled 19755 | -4/Garrison | Triggered checkpoint 19863 | -4/Garrison | Discovered new exit (range 12) 19877 | -4/Garrison | Expanded RIF knowledge: Structural Interface 19935 | -4/Garrison | Triggered checkpoint 20033 | -4/Garrison | System corruption reached 10% 20241 | -4/Garrison | Entered Research 20241 | -3/Research | Accompanied by 4 allies 20241 | -3/Research | Evolved 2 slots: Power x1, Utility x1 20357 | -3/Research | Identified exit to Garrison 20357 | -3/Research | Entered Garrison 20357 | -3/Garrison | Accompanied by 4 allies 20455 | -3/Garrison | Triggered checkpoint 20512 | -3/Garrison | Lost 3 parts (1u2w) 20654 | -3/Garrison | System corruption reached 10% 20715 | -3/Garrison | Garrison Relay disabled 20856 | -3/Garrison | Destroyed 7 combat bots 20909 | -3/Garrison | Triggered checkpoint 20914 | -3/Garrison | Spotted B-86 Titan 20941 | -3/Garrison | Triggered checkpoint 21002 | -3/Garrison | Expanded RIF knowledge: Coupler Efficiency 21007 | -3/Garrison | Triggered checkpoint 21015 | -3/Garrison | Lost 16 parts (3p4n4u5w) 21015 | -3/Garrison | Core integrity fell below 50% 21019 | -3/Garrison | Discovered new exit (range 12) 21024 | -3/Garrison | Entered Research 21205 | -3/Research | Build established: Botlord-Mutant 21267 | -3/Research | Spotted B-86 Titan 21294 | -3/Research | System corruption reached 30% 21313 | -3/Research | Identified exit to Garrison 21313 | -3/Research | Entered Garrison 21374 | -3/Garrison | Expanded RIF knowledge: Zone Cloak 21393 | -3/Garrison | Garrison Relay disabled 21414 | -3/Garrison | Spotted B-86 Titan 21419 | -3/Garrison | Triggered checkpoint 21423 | -3/Garrison | Triggered checkpoint 21453 | -3/Garrison | Triggered checkpoint 21462 | -3/Garrison | Core integrity fell below 20% 21462 | -3/Garrison | Discovered new exit (range 2) 21463 | -3/Garrison | Entered Research 21463 | -2/Research | Evolved 2 slots: Propulsion x2 21483 | -2/Research | Lost 8 parts (2n4u2w) 21613 | -2/Research | Spotted B-90 Cyclops 21679 | -2/Research | Core integrity fell below 50% 21684 | -2/Research | Lost 6 parts (1p2n2u1w) 21684 | -2/Research | Identified exit to Garrison 21684 | -2/Research | Entered Garrison 21701 | -2/Garrison | Discovered new exit (range 88) 21701 | -2/Garrison | Discovered new exit (range 60) 21701 | -2/Garrison | Discovered new exit (range 55) 21711 | -2/Garrison | Phase Generator disabled 21712 | -2/Garrison | Core integrity fell below 20% 21725 | -2/Garrison | Destroyed by G-73 Enforcer with Phase Gun Last Messages --------------- 21701_ Connecting with Garrison Terminal... 21701_ EXIT=FOUND >>Download(Registry) Retrieving Garrison registry... Downloaded map data. Downloaded component registry. Downloaded security status. 21703_ Slammed into S-43 Plague. 21711_ Phase Generator explodes. 21711_ S-43 Plague destroyed. 21711_ Machine disabled. 21711_ S-43 Plague destroyed. 21712_ Penetrated by Slug. 21712_ Slug penetrates Earth. 21714_ The unstable cave ceiling collapses. 21717_ Slug penetrates Wall. 21720_ Penetrated by Slug. 21720_ Slug penetrates Wall. 21722_ C-45 Heavy ARC bursts open, deploying its payload. 21722_ G-73 Enforcer unfolds itself. Map ----- +----------------------------------------------------+ | ?????????????????????????????????????????????????? | | ?????????????????????????????????????????????????? | | ?????????????????????????????????????????????????? | | ###??????????????????????????????????????????????? | | #??????????????????????????????????????????????? | | #????????????????????????????????????????#??#### | | #???????????????????????????????????????? ### "# | | #?????????????????#####??????????????????# " | | #?????????????????#"""#?????????????????## " | | #?????????????????#" "#?????????????????# | | #?????????????????#" "#??????#######???## | | #?????????????????#" "#??????# #???# | | #?????????????????# ^#??????# ##### | | #?????????????????## ##??????# | | #??????????????????# #######?# ##### | | #??????????????????# #!! !!### #???# | | #??????????????????# ^ ## ##???## | | #??????????????????# ^ ## #?????# | | #??????????????????# #]] [[# ## #?????# | | #??????????????????# ####### ## #?????### | | #??????????????????# #?????# ## #???????### | | #??????????????????# #?????# ## #????????## | | #??????????????????# #?????# ## #????????# | | #?????????????????##g####### ## #####????# | | #?????????????????# ggg gggg #????#! | | #?????????????????# @ l ### #????### # | | ############??????# #######g### #?# #??????# # | | # #??????# #?????# #?# ######?????# | | # #??????# #?????# #?##### #?????# # | | #### #### #???#### ####### #######"""####### # | | #??# #??# #???# # # ^ ^^ | | #??# #??# #???# ## ##### ################## | | #??# #??# #???# ## #???# #??# #?????????#"""" | | #??# #??# ######## #???# #??## #?????????##### | | #??# #??# ## ## #???# #???# #?????????????? | | #############""""## ##??# #???# #?????????????? | | ^^ #### ##### ######????????? | | ^^ # #????????? | | ^^ #### ######## #????????? | | ########## ## ## #??# #??????#####????????? | | ???????### ## ## #### #???????????????????? | | ???????# " " # #???????????????????? | | ???????# " " ####???????????????????? | | ???????# " " #??########????????????? | | ???????# " " #??#""""""#?#####??????? | | ???????### ## ## ###??#" "" "#?#"# #??????? | | ########## ## ## #????#" "" "#?#" #??????? | | ######" "" "#?#" #??????? | | # # ^ #?#" #??????? | | #### #" "" "#?#"# #??????? | +----------------------------------------------------+ Best States ------------- Heat Dissipation 131 Energy Generation 49 Energy Capacity 775 Matter Stores 405 Matter Capacity 600 Sight Range 16 Terrain Scan Density 10 Armor Coverage 450 Resistance: KI 30 Weapon Shielding 66 Point Defense Rating 240 Weapon Cycling 20 Evasion (%) 62 Target Analysis 5 Recoil Reduction 4 Matter Filtering 30 Offensive Hacking 10 Relay Coupler Types 6 Relay Coupler Value 192 Item Schematics ----------------- Scatter Rocket Array | -8/Materials | Scanalyzed Robot Schematics ------------------ None Fabricated ------------ Nothing Repaired ---------- Nothing Studied --------- Arm. Huge Wheel | -7/Factory | Hacked Impulse Thruster Array | -3/Research | Hacked Adv. Remote Datajack | -3/Research | Hacked Alien Tech Used ----------------- None Achievements -------------- Hack The Planet Hackerman Join The Dark Side Mindtrick Resistances Are Futile Satisfying Taming Of The Crushers Tank Life Versatile You Will Be Upgraded Challenges ------------ None Game ------ Seed PrecisionPhaseNeutralizer Manual? 0 Play Time 02:34:21 Cumulative 398.8 hours Start 2025.10.29 @ 17:11:19 End 2025.11.01 @ 13:39:54 Sessions 9 Manual Loads 0 Difficulty Rogue Special Mode None Game No. 360 Rogue 324 Adventurer 36 Explorer 0 Win Type - Total 15 Types 7/0/8/0/0/0/0/0/0/0 Lore% 71 Gallery% 84 Achievement% 56 Wizard Run 0 Options --------- Layout 0 ASCII 0 Keyboard 0 Movement Mouse Keybinds 0 Fullscreen 1 Font 18/SmallcapsGlow Map View 76x50 Zoom Use 0% Tactical HUD 1 Map Filters NONE Filters NONE Steam 1 RUN: 3e166b96-1edf-432f-9efe-6fe64bea1894